 Dungeon Crawl Stone Soup version 0.18.1-48-g4cf74bf (webtiles) character file.

84 juanjsm the Sneak (level 4, -5/22 HPs)
             Began as a Spriggan Enchanter on July 28, 2016.
             Was an Initiate of Okawaru.
             Killed by divine providence
             ... invoked by an orc priest
              (13 damage)
             ... on level 3 of the Dungeon.
             The game lasted 00:08:40 (1597 turns).

juanjsm the Sneak (Spriggan Enchanter)              Turns: 1597, Time: 00:08:42

Health: -5/22      AC:  3    Str:  4    XL:     4   Next: 23%
Magic:  2/9        EV: 19    Int: 16    God:    Okawaru [......]
Gold:   51         SH:  0    Dex: 17    Spells: 3 memorised, 3 levels left

rFire  . . .     SeeInvis +     a - +1 dagger
rCold  . . .     Gourm    .     b - +1 robe
rNeg   . . .     Faith    .     (shield restricted)
rPois  .         Spirit   .     (helmet restricted)
rElec  .         Dismiss  .     (no cloak)
rCorr  .         Reflect  .     (gloves unavailable)
SustAt .         Harm     .     (boots unavailable)
MR     .....                    (no amulet)
Stlth  +++.......               (no ring)
                                (no ring)

@: very quick, not resistant to hostile enchantments, fairly stealthy
A: unfitting armour, see invisible, herbivore 3, speed 3, slow metabolism 2
a: Renounce Religion


You were on level 3 of the Dungeon.
You worshipped Okawaru.
Okawaru was noncommittal.
You were not hungry.

You visited 1 branch of the dungeon, and saw 4 of its levels.

You collected 51 gold pieces.

Inventory:

Hand Weapons
 a - a +1 dagger (weapon)
 i - a +0 antimagic dagger
Armour
 b - a +1 robe (worn)
Scrolls
 e - a scroll of noise {unknown}
 f - a scroll of amnesia {unknown}
 j - 2 scrolls of teleportation {unknown}
 k - a scroll of blinking {unknown}
Potions
 g - a potion of degeneration {unknown}
Books
 c - a book of Maledictions

   Spells                             Type                      Level
   a - Corona                         Hexes                        1
   b - Ensorcelled Hibernation        Hexes/Ice                    2
   c - Confuse                        Hexes                        3
   d - Tukima's Dance                 Hexes                        3
   e - Dazzling Spray                 Conjuration/Hexes            3
Comestibles
 d - 2 bread rations
 h - a fruit


   Skills:
 + Level 1.4 Fighting
 + Level 1.9 Short Blades
 + Level 4.0 Dodging
 + Level 4.8 Stealth
 + Level 3.2 Spellcasting
 + Level 4.0 Hexes


You had 3 spell levels left.
You knew the following spells:

 Your Spells              Type           Power        Failure   Level  Hunger
a - Corona                Hex            ###....      4%          1    None
b - Ensorcelled Hibernat  Hex/Ice        #.....       14%         2    ##.....
c - Confuse               Hex            ###.....     12%         3    ###....


Dungeon Overview and Level Annotations

Branches:
Dungeon (4/15)
 Temple: D:4-7

Altars:
Okawaru


Innate Abilities, Weirdness & Mutations

You are tiny and cannot use many weapons and most armour.
You have supernaturally acute eyesight.
You are a herbivore.
You cover ground extremely quickly.
You need consume almost no food.


Message History

The gnoll shouts!
Found four items.
There is a stone staircase leading up here.
You climb upwards.
The orc hits you with a flail.
There is a stone staircase leading down here.
Casting: Ensorcelled Hibernation
Confirm with . or Enter, or press ? or * to list all spells.
Aiming: Ensorcelled Hibernation
Press: ? - help, Shift-Dir - straight line, f - orc
Aim: an orc, wielding a flail and wearing a scale mail (chance to defeat MR: 78%)
The orc looks drowsy...
The helpless orc fails to defend itself.
You puncture the orc!
You kill the orc!
Okawaru accepts your kill.
Your Hexes skill increases to level 4!
The orc priest calls down the wrath of Beogh upon you.
Beogh smites you!
Ouch! That really hurt!
You die...

##.....##†......###♣......
##.....###<..#....###.....
.......).............o.o##
##.....######.#......#####
##.... #.#.###### #####
#.#.# ####o#.# ##)...#.#
#@###.#.# #..## ##..# #.#
##.# #. #.# # #.# ..# #.#
#.. ..


You could see an orc priest.

Vanquished Creatures
  3 adders
  2 dart slugs (D:2)
  4 giant geckos
  4 orcs (D:3)
  A giant cockroach (D:1)
  4 hobgoblins
  8 jackals
  A quokka (D:2)
  3 bats (D:1)
  3 giant newts (D:1)
  4 goblins
  4 kobolds
  2 rats
43 creatures vanquished.

Notes
Turn   | Place    | Note
--------------------------------------------------------------
     0 | D:1      | juanjsm the Spriggan Enchanter began the quest for the Orb.
     0 | D:1      | Reached XP level 1. HP: 9/9 MP: 5/5
   231 | D:1      | Reached XP level 2. HP: 5/14 MP: 1/6
   235 | D:1      | Learned a level 2 spell: Ensorcelled Hibernation
   423 | D:1      | Reached skill level 1 in Fighting
   825 | D:2      | Reached XP level 3. HP: 18/18 MP: 2/8
   830 | D:2      | Learned a level 3 spell: Confuse
   841 | D:2      | Found an iron altar of Okawaru.
   846 | D:2      | Became a worshipper of Warmaster Okawaru
  1524 | D:3      | Reached XP level 4. HP: 18/22 MP: 0/9
  1597 | D:3      | Killed from afar by an orc priest

Skill      XL: |  1  2  3  4 |
---------------+-------------+-----
Fighting       | 1 |  1.4
Spellcasting   | 3 |  3.2
Dodging        | 4 |  4.0
Hexes          | 4 |  4.0
Short Blades   | |  1.9
Stealth        | |  4.8

Action                   |  1- 3 |  4- 6 || total
-------------------------+-------+-------++-------
Melee: Dagger            |   147 |    17 ||   164
 Cast: Corona            |     6 |       ||     6
       Ensorcelled Hiber |    20 |     2 ||    22
 Stab: Sleeping          |    26 |     2 ||    28
Armor: Robe              |    25 |     1 ||    26
Dodge: Dodged            |   135 |     9 ||   144
